 Dungeon Sprint DCSS version 0.31-a0-986-g5e6e4ef867 (webtiles) character file.

Game seed: 16320095352139960837

26560 sircluck the Brawler (level 12, -16/144 HPs)
             Began as a Troll Berserker on Nov 20, 2023.
             Was a High Priest of Trog.
             Shot with an arrow by a deep elf master archer (50 damage)
             ... in the Dungeon (Sprint I: "Red Sonja").
             The game lasted 00:13:44 (3309 turns).

sircluck the Brawler (Troll Berserker)              Turns: 3309, Time: 00:13:50

Health: -16/144    AC:  9    Str: 32    XL:     12   Next: 99%
Magic:  11/11      EV: 17    Int:  3    God:    Trog [*****.]
Gold:   3923       SH: 13    Dex:  9    Spells: 11/11 levels left

rFire   . .          .
                       - Unarmed
rCold   . . .        t - +0 tower shield
rNeg    . . .        a - +0 animal skin
rPois   .            p - +2 hat
rElec   .            q - +1 cloak
rCorr   .            (gloves unavailable)
SInv    .            (boots unavailable)
Will    .....        (no amulet)
Stlth   +            v - ring of flight
HPRegen 1.24/turn    s - +5 ring of evasion
MPRegen 0.12/turn

%: no teleportation, random rage (3%)
@: flying
A: large, unfitting armour, claws 3, regeneration 1, shaggy fur 1, tough skin 1,
berserk 1
a: Renounce Religion, Berserk, Trog's Hand, Brothers in Arms


You were in the Dungeon.
You worshipped Trog.
Trog was extremely pleased with you.
You visited 1 branch You collected 5333 gold pieces.
You spent 1410 gold pieces at shops.

Inventory:

Missiles
 i - 26 stones
 j - 5 curare-tipped darts
 k - 12 poisoned darts
Armour
 a - a +0 animal skin (worn)
 g - a +0 ring mail
 p - a +2 hat (worn)
 q - a +1 cloak (worn)
 t - a +0 tower shield (worn)
Jewellery
 s - a +5 ring of evasion (right claw)
 v - a ring of flight (left claw)
Wands
 h - a wand of flame (25)
 m - a wand of quicksilver (3)
Scrolls
 l - 4 scrolls of identify
 r - a scroll of acquirement
Potions
 b - 4 potions of curing
 c - 2 potions of heal wounds
 d - a potion of haste
 e - 2 potions of magic
 f - a potion of berserk rage
 u - a potion of degeneration {unknown}
Miscellaneous
 o - a box of beasts


   Skills:
 + Level 15.9 Fighting
 + Level 10.4 Armour
 + Level 15.7 Dodging
 + Level 6.9 Shields
 + Level 18.5 Unarmed Combat


You had 11 spell levels left.
You didn't know any spells.
Your spell library was empty.

Dungeon Overview and Level Annotations

Branches:
Dungeon (1/1)

Altars:
Cheibriados
Dithmenos
Elyvilon
Fedhas
Gozag
Hepliaklqana
Kikubaaqudgha
Makhleb
Nemelex Xobeh
Okawaru
Qazlal
Ru
Sif Muna
Trog
Uskayaw
Vehumet
Wu Jian
Xom
Yredelemnul
Zin
The Shining One
Jiyva
Lugonu

Shops:
D *([=:(=(?[*:**!?:?[[*(

Annotations:
D Tiamat


Innate Abilities, Weirdness & Mutations

You are too large for most types of armour.
You have claws for hands.
Your natural rate of healing is unusually fast.
You are covered in fur. (AC +1)
You have tough skin. (AC +1)
You sometimes lose your temper in combat.


Message History

The deep elf master archer wields a +0 longbow.
The deep elf master archer shoots an arrow.
You block the arrow.
Unknown command.
Unknown command.
Found 108 gold pieces.
The deep elf master archer shoots an arrow.
You block the arrow.
The deep elf master archer shoots an arrow.
The arrow hits you!!
Found five items.
The deep elf master archer shoots an arrow.
The arrow hits you!!
There is an open door, spattered with blood here.
You miss the deep elf master archer.
The deep elf master archer shoots an arrow.
The arrow hits you!
You miss the deep elf master archer.
The deep elf master archer shoots an arrow.
You block the arrow.
The deep elf master archer shoots an arrow.
The arrow hits you!!
You mangle the deep elf master archer!!
The deep elf master archer is moderately wounded.
The deep elf master archer shoots an arrow.
You block the arrow.
The deep elf master archer shoots an arrow.
You block the arrow.
You barely miss the deep elf master archer.
The deep elf master archer is moderately wounded.
The deep elf master archer shoots an arrow.
The arrow hits you but does no damage.
You claw the deep elf master archer!
The deep elf master archer is heavily wounded.
The deep elf master archer shoots an arrow.
The arrow hits you!!
* * * LOW HITPOINT WARNING * * *
The deep elf master archer shoots an arrow.
The arrow hits you!!!
You die...

.####)#.##'##..........#,,*
##..).#.#~~~##........##$,*
...####^#~~~~##|))...##$○,*
.###,^^^#~~~~~########°.○,*
##,,,,####~~~~#~~~~~#°...,*
,,,,,,#..#'~~~'~~.~~°....,*
,,,,,,#...##~~#~~~~~#~~~.,*
,^,,,,#....######'#####~~~*
,,,^,^#....#~~≈≈@≈≈≈≈≈#*~~*
,,,,,,#######~~~e≈≈≈≈≈°°≈~*
,^,,,,',,#|)'$$.~~~~~~~#≈~*
,,,,,^*,,':=#$$$$$$$$~~~#~*
*********##*#############**


You could see a deep elf master archer.

Vanquished Creatures
  A golden dragon (D)
  A shadow dragon (D)
  A fire giant (D)
  A deep elf annihilator (D)
  A lorocyproca (D)
  A mummy priest (D)
  A hydra (D)
  2 centaur warriors (D)
  A demonic crawler (D)
  Sonja (D)
  A deep troll (D)
  A lindwurm (D)
  2 oklob plants (D)
  2 merfolk sirens (D)
  7 unseen horrors (D)
  2 gargoyles (D)
  2 kobold demonologists (D)
  A hellwing (D)
  2 hornets (D)
  2 glass eyes (D)
  Sigmund (D)
  A slime creature (D)
  A yak (D)
  13 hogs (D)
  2 redbacks (D)
  An ogre (D)
  7 necrophages (D)
  8 jellies (D)
  Ijyb (D)
68 creatures vanquished.

Vanquished Creatures (collateral kills)
  3 fire giants (D)
  3 demonic crawlers (D)
  8 shining eyes (D)
  5 glass eyes (D)
19 creatures vanquished.

Vanquished Creatures (others)
  2 hornets (D)
  2 ballistomycete spores (D)
4 creatures vanquished.

Grand Total: 91 creatures vanquished

Notes
Turn   | Place    | Note
-------+----------+-------------------------------------------
     0 | D        | sircluck the Troll Berserker began the quest for the Orb.
     0 | D        | Reached XP level 1. HP: 22/22 MP: 0/0
     1 | D        | Noticed Ijyb
     6 | D        | Killed Ijyb
     7 | D        | Reached skill level 4 in Unarmed Combat
     7 | D        | Reached XP level 2. HP: 32/32 MP: 1/1
    10 | D        | Noticed an ogre
    17 | D        | Killed an ogre
    18 | D        | Reached skill level 5 in Fighting
    18 | D        | Reached skill level 5 in Dodging
    18 | D        | Reached skill level 6 in Unarmed Combat
    18 | D        | Reached XP level 3. HP: 25/42 MP: 2/2
    18 | D        | Reached XP level 4. HP: 29/50 MP: 3/3
    47 | D        | Noticed Sigmund
    59 | D        | Killed Sigmund
    59 | D        | Reached ** piety under Trog
    60 | D        | Reached skill level 7 in Unarmed Combat
    60 | D        | Reached XP level 5. HP: 57/61 MP: 4/4
    60 | D        | Reached XP level 6. HP: 63/68 MP: 5/5
    77 | D        | Found an ornate altar of the Wu Jian Council.
    77 | D        | Found a shimmering blue altar of Sif Muna.
    79 | D        | Found a radiant altar of Vehumet.
    84 | D        | Reached skill level 8 in Unarmed Combat
    95 | D        | Found Bileab's Jewellery Emporium.
    95 | D        | Found an ancient bone altar of Kikubaaqudgha.
    95 | D        | Found a hazy altar of Hepliaklqana.
    95 | D        | Found a stormy altar of Qazlal.
    95 | D        | Found a hide-covered altar of Uskayaw.
    95 | D        | Found a blossoming altar of Fedhas.
    95 | D        | Found a bloodstained altar of Trog.
    95 | D        | Found an iron altar of Okawaru.
    95 | D        | Found a basalt altar of Yredelemnul.
    95 | D        | Found a glowing golden altar of the Shining One.
    95 | D        | Found a snail-covered altar of Cheibriados.
    95 | D        | Found a sacrificial altar of Ru.
    95 | D        | Found a glowing silver altar of Zin.
    95 | D        | Found a shadowy altar of Dithmenos.
    95 | D        | Found a white marble altar of Elyvilon.
    95 | D        | Noticed a yak
    98 | D        | Killed a yak
    99 | D        | Found an opulent altar of Gozag.
   100 | D        | Found a sparkling altar of Nemelex Xobeh.
   129 | D        | Noticed Sonja
   141 | D        | Killed Sonja
   141 | D        | Reached *** piety under Trog
   142 | D        | Reached skill level 10 in Unarmed Combat
   142 | D        | Reached XP level 7. HP: 25/83 MP: 6/6
   142 | D        | Reached XP level 8. HP: 28/92 MP: 7/7
   248 | D        | Noticed a deep troll
   253 | D        | Killed a deep troll
   254 | D        | Reached skill level 11 in Unarmed Combat
   289 | D        | Found Tutib's Armour Emporium.
   316 | D        | Noticed a centaur warrior
   316 | D        | Noticed a centaur warrior
   323 | D        | Killed a centaur warrior
   323 | D        | HP: 6/139 [centaur warrior (3)]
   324 | D        | Reached skill level 10 in Fighting
   324 | D        | Reached skill level 10 in Dodging
   324 | D        | Reached skill level 12 in Unarmed Combat
   324 | D        | Reached XP level 9. HP: 6/102 MP: 8/8
   326 | D        | Killed a centaur warrior
   425 | D        | Reached **** piety under Trog
   426 | D        | Reached skill level 13 in Unarmed Combat
   485 | D        | Noticed an oklob plant
   492 | D        | Killed an oklob plant
   568 | D        | Reached ***** piety under Trog
   591 | D        | Killed an unseen horror
   592 | D        | Reached XP level 10. HP: 115/115 MP: 9/9
   593 | D        | Reached skill level 14 in Unarmed Combat
   867 | D        | Reached ****** piety under Trog
   879 | D        | Received a gift from Trog
   939 | D        | Found Pootizx Xalu's Antique Weapon Shoppe.
   939 | D        | Found Qiusum's Jewellery Shop.
   939 | D        | Found Padeczutt's Magic Scroll Boutique.
   950 | D        | Found Abries's Armour Emporium.
   950 | D        | Found Qezar's General Store.
   950 | D        | Found Tophasurgh's Book Shoppe.
   950 | D        | Found Teveefog's Assorted Antiques.
   950 | D        | Found Ceowugus's General Store.
   950 | D        | Found Viaddidgh's Distillery.
   950 | D        | Found Zunn's Magic Scroll Shoppe.
   954 | D        | Found Idobuu Guomu's Book Boutique.
   955 | D        | Found Xyoshros's Armour Emporium.
   955 | D        | Found Foq Bile's Magic Scroll Boutique.
   956 | D        | Found Ytaihyrph's General Store.
   976 | D        | Bought a scroll of revelation for 90 gold pieces
  1016 | D        | Found a burning altar of Makhleb.
  1016 | D        | Found a viscous altar of Jiyva.
  1016 | D        | Found a shimmering altar of Xom.
  1016 | D        | Found a corrupted altar of Lugonu.
  1020 | D        | Reached skill level 1 in Armour
  1053 | D        | Bought a +2 hat for 208 gold pieces
  1053 | D        | Bought a +0 cloak for 58 gold pieces
  1061 | D        | Bought a scroll of acquirement for 728 gold pieces
  1080 | D        | Noticed a demonic crawler
  1080 | D        | Noticed a demonic crawler
  1080 | D        | Noticed a demonic crawler
  1080 | D        | Noticed a demonic crawler
  1080 | D        | Noticed a gargoyle
  1120 | D        | Identified the +6 giant spiked club of Nysishram {heavy,
                  | rN+} (Trog gifted it to you in the Dungeon)
  1120 | D        | Received a gift from Trog
  1156 | D        | Killed a demonic crawler
  1158 | D        | Killed a demonic crawler
  1159 | D        | Reached skill level 15 in Unarmed Combat
  1160 | D        | Killed a demonic crawler
  1160 | D        | Identified the +7 executioner's axe "Kassaec" {heavy, rElec
                  | rCorr Str+3 Int-3} (Trog gifted it to you in the Dungeon)
  1160 | D        | Received a gift from Trog
  1166 | D        | Killed a demonic crawler
  1167 | D        | Reached XP level 11. HP: 57/127 MP: 10/10
  1227 | D        | Noticed a lindwurm
  1230 | D        | Killed a lindwurm
  1231 | D        | Reached skill level 5 in Armour
  1251 | D        | Received a gift from Trog
  1270 | D        | Reached skill level 16 in Unarmed Combat
  1321 | D        | Received a gift from Trog
  1352 | D        | Killed a lorocyproca
  1779 | D        | Found Meew's Assorted Antiques.
  1791 | D        | Noticed a shining eye
  1791 | D        | Noticed a shining eye
  1791 | D        | Noticed a shining eye
  1797 | D        | Killed a shining eye
  1801 | D        | Noticed a shining eye
  1802 | D        | Killed a shining eye
  1804 | D        | Killed a shining eye
  1806 | D        | Noticed a shining eye
  1807 | D        | Killed a shining eye
  1809 | D        | Killed a shining eye
  1812 | D        | Noticed a shining eye
  1816 | D        | Killed a shining eye
  1821 | D        | Noticed a shining eye
  1821 | D        | Noticed a shining eye
  1836 | D        | Gained mutation: You sometimes lose your temper in combat.
                  | [a shining eye]
  1839 | D        | Killed a shining eye
  1839 | D        | Received a gift from Trog
  1840 | D        | Reached skill level 17 in Unarmed Combat
  1847 | D        | Killed a shining eye
  1851 | D        | Found Intif's Antique Weapon Shoppe.
  1851 | D        | Found Ucketutu's Weapon Boutique.
  1851 | D        | Found Neem's Antique Armour Emporium.
  1852 | D        | Found Luodyedo's Book Shop.
  1865 | D        | Bought a tower shield for 99 gold pieces
  1926 | D        | Noticed a daeva
  1933 | D        | Reached XP level 12. HP: 140/140 MP: 11/11
  1939 | D        | Reached skill level 1 in Shields
  2269 | D        | Noticed a 12-headed hydra
  2276 | D        | Killed a 14-headed hydra
  2424 | D        | Noticed a shadow dragon
  2424 | D        | Noticed a golden dragon
  2437 | D        | Killed a golden dragon
  2438 | D        | Reached skill level 15 in Fighting
  2438 | D        | Reached skill level 15 in Dodging
  2440 | D        | Killed a shadow dragon
  2536 | D        | Found Coxe Joesh's Weapon Shoppe.
  2777 | D        | Bought a ring of flight for 227 gold pieces
  2853 | D        | Noticed a fire giant
  2863 | D        | Killed a fire giant
  2863 | D        | Received a gift from Trog
  2866 | D        | Noticed a fire giant
  2867 | D        | Killed a fire giant
  2868 | D        | Reached skill level 5 in Shields
  2868 | D        | Noticed a fire giant
  2872 | D        | Killed a fire giant
  2873 | D        | Reached skill level 18 in Unarmed Combat
  2934 | D        | Noticed a fire giant
  2938 | D        | Killed a fire giant
  2939 | D        | Found the +4 dragonskin cloak
  2939 | D        | Noticed Tiamat
  3034 | D        | Found the ring of the Hare {EV+10}
  3034 | D        | Noticed a deep elf annihilator
  3050 | D        | Received a gift from Trog
  3051 | D        | Reached skill level 10 in Armour
  3060 | D        | Paralysed by a hornet for 1 turns
  3135 | D        | Noticed a mummy priest
  3142 | D        | Killed a deep elf annihilator
  3217 | D        | Killed a mummy priest
  3301 | D        | Noticed a deep elf master archer
  3309 | D        | Shot with an arrow by a deep elf master archer

Illustrated notes

Levels and vault maps discovered:
D:        dungeon_sprint_1 [red_sonja_temple_1, red_sonja_temple_small_1]

Skill      XL: |  1  2  3  4  5  6  7  8  9 10 11 12 |
---------------+-------------------------------------+-----
Fighting       | 3 5 6 9 10 12 13 14 15 | 15.9
Dodging        | 3 5 6 8 10 11 13 14 15 | 15.7
Unarmed Combat | 4 6 7 10 12 13 15 17 18 | 18.5
Armour         | 4 8 10 | 10.4
Shields        | 6 |  6.9

Action                     |  1- 3 |  4- 6 |  7- 9 | 10-12 || total
---------------------------+-------+-------+-------+-------++-------
  Melee: Unarmed           |    10 |    26 |    33 |   185 ||   254
         Punch             |     2 |       |     2 |    11 ||    15
 Invoke: Berserk           |       |     1 |     2 |     3 ||     6
         Brothers in Arms  |       |       |       |     9 ||     9
  Evoke: Wand              |       |       |     1 |     5 ||     6
    Use: Scroll            |       |       |       |     5 ||     5
         Potion            |       |       |       |     1 ||     1
   Stab: Distracted        |       |       |       |     1 ||     1
 Armour: Animal skin       |     3 |    16 |    38 |   234 ||   291
  Dodge: Dodged            |     4 |     6 |    11 |    94 ||   115
  Block: Tower shield      |       |       |       |    52 ||    52

Table legend: (Time is in decaauts)
 A = Elapsed time spent in this place.
 B = Non-inter-level travel time spent in this place.
 C = Inter-level travel time spent in this place.
 D = Time resting spent in this place.
 E = Time spent auto-exploring this place.
 F = Levels seen in this place.
 G = Mean time per level.
                   A        B        C        D        E       F      G
               +--------+--------+--------+--------+--------+-----+--------+
         Total |   3328 |   3205 |    123 |   1366 |    462 |   1 | 3328.0 |
       Dungeon |   3328 |   3205 |    123 |   1366 |    462 |   1 | 3328.0 |
               +--------+--------+--------+--------+--------+-----+--------+

Top non-repeatable levels by time:
       D: 3328 daAuts
